 Dungeon Sprint DCSS version 0.30-a0-528-g8c47a4955b (webtiles) character file.

Game seed: 5063363760042159609

1936 JoshKwa the Basher (level 8, -8/81 HPs)
             Began as a Grey Draconian Berserker on Dec 23, 2022.
             Was a High Priest of Trog.
             Mangled by a troll (9 damage)
             ... in the Dungeon (Sprint IX: "|||||||||||||||||||||||||||||").
             The game lasted 00:02:13 (623 turns).

JoshKwa the Basher (Grey Draconian Berserker)        Turns: 623, Time: 00:02:14

Health: -8/81      AC: 14    Str: 21    XL:     8   Next: 97%
Magic:  8/8        EV: 15    Int: 10    God:    Trog [*****.]
Gold:   0          SH:  0    Dex: 12    Spells: 7/7 levels left

rFire   . . .      SeeInvis .    h - +4 quarterstaff (speed)
rCold   . . .      Faith    .    (shield currently unavailable)
rNeg    . . .      Spirit   .    (body armour unavailable)
rPois   .          Reflect  .    (helmet restricted)
rElec   .          Harm     .    a - +0 cloak
rCorr   .          Rampage  .    (no gloves)
Will    .....      NoTele   +    (no boots)
Stlth   +                        (no amulet)
HPRegen 0.33/turn                i - +3 ring of intelligence
MPRegen 0.11/turn                j - +2 ring of protection

@: no status effects
A: AC +11, amphibious, unfitting armour, cold-blooded
a: Renounce Religion, Berserk, Trog's Hand, Brothers in Arms


You were in the Dungeon.
You worshipped Trog.
Trog was extremely pleased with you.
You visited 1 branch

Inventory:

Hand Weapons
 h - a +4 quarterstaff of speed (weapon)
Armour
 a - a +0 cloak (worn)
Jewellery
 i - a +3 ring of intelligence (left hand)
 j - a +2 ring of protection (right hand)
Wands
 f - a wand of quicksilver (10)
Scrolls
 g - 2 scrolls of blinking
Potions
 b - 4 potions of curing
 c - 2 potions of heal wounds
 d - a potion of invisibility
 e - 4 potions of magic


   Skills:
 + Level 10.9 Fighting
 + Level 11.0(13.0) Maces & Flails
 + Level 11.0(12.9) Staves
 + Level 9.0 Dodging
 + Level 0.9 Stealth


You had 7 spell levels left.
You didn't know any spells.
Your spell library was empty.

Dungeon Overview and Level Annotations

Branches:
Dungeon (1/1)

Altars:
Cheibriados
Dithmenos
Elyvilon
Fedhas
Gozag
Hepliaklqana
Kikubaaqudgha
Makhleb
Nemelex Xobeh
Okawaru
Qazlal
Ru
Sif Muna
Trog
Uskayaw
Vehumet
Wu Jian
Xom
Yredelemnul
Zin
The Shining One
Jiyva
Lugonu


Innate Abilities, Weirdness & Mutations

Your dull iron-grey scales are very hard. (AC +11)
You are amphibious.
You cannot fit into any form of body armour.
You are cold-blooded and may be slowed by cold attacks.


Message History

The two-headed ogre closely misses you.
The two-headed ogre hits you with a +0 dire flail!
* * * LOW HITPOINT WARNING * * *
You thump the two-headed ogre!
The two-headed ogre is almost dead.
The deep elf pyromancer barely misses you.
You hit the two-headed ogre but do no damage.
The two-headed ogre is almost dead.
You hit the two-headed ogre.
You kill the two-headed ogre!
Trog accepts your kill.
The deep elf pyromancer mumbles some strange words.
The deep elf pyromancer blinks!
Your base Maces & Flails skill increases to level 11!
Your base Staves skill gained 2 levels and is now at level 10!
You hit the troll.
The troll is lightly wounded.
You hit the troll but do no damage.
You tail-slap the troll, but do no damage.
The troll is lightly wounded.
You sock the troll!
The troll is moderately wounded.
The troll bites you but does no damage. The troll barely misses you. x2
You hit the troll but do no damage.
The troll is moderately wounded.
You sock the troll!
The troll is severely wounded.
The troll bites you.
* * * LOW HITPOINT WARNING * * *
The troll closely misses you. The troll claws you but does no damage.
You bludgeon the troll!!
You kill the troll!
Trog accepts your kill.
The troll leather armour is intact enough to wear.
Your base Staves skill increases to level 11!
Your Dodging skill increases to level 9!
The troll completely misses you. The troll claws you.
* * * LOW HITPOINT WARNING * * *
The troll claws you!
You die... ▓▓▓▓▓▓▓▓▓▓▓▓▓▓▓▓▓▓▓▓▓▓▓▓ +....OT@..e..))..[.[.)?. ▓▓▓▓▓▓▓▓▓▓▓▓▓▓▓▓▓▓▓▓▓▓▓▓

You could see a two-headed ogre, a deep elf pyromancer and a troll.

Vanquished Creatures
  A two-headed ogre (D)
  An ugly thing (D)
  A kobold demonologist (D)
  A troll (D)
  A centaur (D)
  2 kobold brigands (D)
  A scorpion (D)
  A hound (D)
  An orc priest (D)
  2 iguanas (D)
  An orc wizard (D)
  A dart slug (D)
  An orc (D)
  A hobgoblin (D)
  A quokka (D)
  A ball python (D)
  A rat (D)
19 creatures vanquished.

Notes
Turn   | Place    | Note
-------+----------+-------------------------------------------
     0 | D        | JoshKwa the Draconian Berserker began the quest for the
                  | Orb.
     0 | D        | Reached XP level 1. HP: 19/19 MP: 1/1
    14 | D        | Reached ** piety under Trog
    28 | D        | Noticed a scorpion
    28 | D        | Noticed an iguana
    28 | D        | Noticed an iguana
    28 | D        | Noticed a hound
    30 | D        | Killed a hound
    31 | D        | Reached skill level 5 in Fighting
    31 | D        | Reached XP level 2. HP: 29/29 MP: 2/2
    31 | D        | Reached XP level 3. HP: 36/36 MP: 3/3
    33 | D        | Reached *** piety under Trog
    34 | D        | Reached skill level 5 in Maces & Flails
    41 | D        | Reached skill level 5 in Dodging
    41 | D        | Reached XP level 4. HP: 44/44 MP: 4/4
    44 | D        | Killed a scorpion
    45 | D        | Reached XP level 5. HP: 51/51 MP: 5/5
   214 | D        | Found a snail-covered altar of Cheibriados.
   214 | D        | Found a shadowy altar of Dithmenos.
   214 | D        | Found a white marble altar of Elyvilon.
   214 | D        | Found a blossoming altar of Fedhas.
   214 | D        | Found an opulent altar of Gozag.
   215 | D        | Found a hazy altar of Hepliaklqana.
   216 | D        | Found a viscous altar of Jiyva.
   217 | D        | Found an ancient bone altar of Kikubaaqudgha.
   218 | D        | Found a corrupted altar of Lugonu.
   219 | D        | Found a burning altar of Makhleb.
   220 | D        | Found a sparkling altar of Nemelex Xobeh.
   221 | D        | Found an iron altar of Okawaru.
   222 | D        | Found a stormy altar of Qazlal.
   223 | D        | Found a sacrificial altar of Ru.
   224 | D        | Found a shimmering blue altar of Sif Muna.
   225 | D        | Found a bloodstained altar of Trog.
   226 | D        | Found a hide-covered altar of Uskayaw.
   227 | D        | Found a radiant altar of Vehumet.
   228 | D        | Found an ornate altar of the Wu Jian Council.
   229 | D        | Found a shimmering altar of Xom.
   230 | D        | Found a basalt altar of Yredelemnul.
   231 | D        | Found a glowing silver altar of Zin.
   232 | D        | Found a glowing golden altar of the Shining One.
   276 | D        | Noticed a centaur
   276 | D        | Noticed a kobold demonologist
   278 | D        | Reached **** piety under Trog
   287 | D        | Reached skill level 1 in Staves
   293 | D        | Reached XP level 6. HP: 36/61 MP: 6/6
   307 | D        | Noticed a sixfirhy
   308 | D        | Killed a kobold demonologist
   308 | D        | Reached ***** piety under Trog
   309 | D        | Reached skill level 5 in Staves
   309 | D        | Your scales start taking on a dull iron-grey colour.
   309 | D        | Reached XP level 7. HP: 45/70 MP: 7/7
   311 | D        | Reached skill level 10 in Maces & Flails
   590 | D        | Noticed a two-headed ogre
   590 | D        | Noticed a troll
   590 | D        | Noticed a troll
   590 | D        | Noticed a deep elf pyromancer
   590 | D        | Noticed a two-headed ogre
   590 | D        | Noticed a brown ugly thing
   604 | D        | Killed a brown ugly thing
   605 | D        | Reached skill level 10 in Fighting
   605 | D        | Reached XP level 8. HP: 49/79 MP: 8/8
   613 | D        | HP: 2/79 [two-headed ogre/+0 giant spiked club (8)]
   616 | D        | Killed a two-headed ogre
   617 | D        | Reached skill level 10 in Staves
   621 | D        | HP: 2/81 [troll (1)]
   622 | D        | Killed a troll
   623 | D        | Mangled by a troll

Illustrated notes

Levels and vault maps discovered:
D:        linesprint [early_d, line_temple, items_1, d_10, items_2, lair_1,
          lair_end, items_3, orc_1, orc_end, items_4, d_15, swamp_1, shoals_1,
          snake_1, spider_1, d_20, vaults_1, items_5, swamp_end, shoals_end,
          snake_end, spider_end, vaults_end, d_27, items_6, zot_1, zot_end,
          crypt_end, forest_end, elf_end, slime_end, tomb_end, abyss_end,
          pan_hell_end]

Skill      XL: |  1  2  3  4  5  6  7  8 |
---------------+-------------------------+-----
Dodging        | 4 5 7 8 9 |  9.0
Fighting       | 5 6 8 9 10 | 10.9
Maces & Flails | 4 6 7 8 9 10 11 | 11.0
Staves         | 2 5 8 11 | 11.0
Stealth        | |  0.9

Action                   |  1- 3 |  4- 6 |  7- 9 || total
-------------------------+-------+-------+-------++-------
Melee: Mace              |    29 |     8 |       ||    37
       Punch             |     1 |       |       ||     1
       Tailslap          |       |    10 |     7 ||    17
       Quarterstaff      |       |    30 |    33 ||    63
  Use: Potion            |     1 |     2 |     1 ||     4
Armor: Skin              |     9 |     9 |     9 ||    27
Dodge: Dodged            |    15 |    17 |    14 ||    46

Table legend: (Time is in decaauts)
 A = Elapsed time spent in this place.
 B = Non-inter-level travel time spent in this place.
 C = Inter-level travel time spent in this place.
 D = Time resting spent in this place.
 E = Time spent auto-exploring this place.
 F = Levels seen in this place.
 G = Mean time per level.
                   A        B        C        D        E       F      G
               +--------+--------+--------+--------+--------+-----+--------+
         Total |    591 |    591 |      0 |    435 |      0 |   1 |  591.0 |
       Dungeon |    591 |    591 |      0 |    435 |      0 |   1 |  591.0 |
               +--------+--------+--------+--------+--------+-----+--------+

Top non-repeatable levels by time:
       D: 591 daAuts
